%YAML 1.1
%TAG !u! tag:unity3d.com,2011:
--- !u!1 &3107198079373314344
GameObject:
  m_ObjectHideFlags: 0
  m_CorrespondingSourceObject: {fileID: 0}
  m_PrefabInstance: {fileID: 0}
  m_PrefabAsset: {fileID: 0}
  serializedVersion: 6
  m_Component:
  - component: {fileID: 215324871129452355}
  m_Layer: 0
  m_Name: Grass1 Active Cluster
  m_TagString: Untagged
  m_Icon: {fileID: 0}
  m_NavMeshLayer: 0
  m_StaticEditorFlags: 0
  m_IsActive: 1
--- !u!4 &215324871129452355
Transform:
  m_ObjectHideFlags: 0
  m_CorrespondingSourceObject: {fileID: 0}
  m_PrefabInstance: {fileID: 0}
  m_PrefabAsset: {fileID: 0}
  m_GameObject: {fileID: 3107198079373314344}
  m_LocalRotation: {x: 0, y: 0, z: 0, w: 1}
  m_LocalPosition: {x: 2.1925588, y: -0.63935375, z: 6.221136}
  m_LocalScale: {x: 1, y: 1, z: 1}
  m_Children:
  - {fileID: 7584538005394333155}
  - {fileID: 1798198073949530518}
  - {fileID: 7950637056000202756}
  m_Father: {fileID: 0}
  m_RootOrder: 0
  m_LocalEulerAnglesHint: {x: 0, y: 0, z: 0}
--- !u!1001 &4170199666582595881
PrefabInstance:
  m_ObjectHideFlags: 0
  serializedVersion: 2
  m_Modification:
    m_TransformParent: {fileID: 215324871129452355}
    m_Modifications:
    - target: {fileID: 6307802309412728077, guid: fc8c1dd0f6ab622419bb17de50d9d384,
        type: 3}
      propertyPath: m_Name
      value: grass low
      objectReference: {fileID: 0}
    - target: {fileID: 6307802309412303149, guid: fc8c1dd0f6ab622419bb17de50d9d384,
        type: 3}
      propertyPath: m_LocalPosition.x
      value: -4.213452
      objectReference: {fileID: 0}
    - target: {fileID: 6307802309412303149, guid: fc8c1dd0f6ab622419bb17de50d9d384,
        type: 3}
      propertyPath: m_LocalPosition.y
      value: 0.6393539
      objectReference: {fileID: 0}
    - target: {fileID: 6307802309412303149, guid: fc8c1dd0f6ab622419bb17de50d9d384,
        type: 3}
      propertyPath: m_LocalPosition.z
      value: -3.0124078
      objectReference: {fileID: 0}
    - target: {fileID: 6307802309412303149, guid: fc8c1dd0f6ab622419bb17de50d9d384,
        type: 3}
      propertyPath: m_LocalRotation.x
      value: -0
      objectReference: {fileID: 0}
    - target: {fileID: 6307802309412303149, guid: fc8c1dd0f6ab622419bb17de50d9d384,
        type: 3}
      propertyPath: m_LocalRotation.y
      value: -0
      objectReference: {fileID: 0}
    - target: {fileID: 6307802309412303149, guid: fc8c1dd0f6ab622419bb17de50d9d384,
        type: 3}
      propertyPath: m_LocalRotation.z
      value: -0
      objectReference: {fileID: 0}
    - target: {fileID: 6307802309412303149, guid: fc8c1dd0f6ab622419bb17de50d9d384,
        type: 3}
      propertyPath: m_LocalRotation.w
      value: 1
      objectReference: {fileID: 0}
    - target: {fileID: 6307802309412303149, guid: fc8c1dd0f6ab622419bb17de50d9d384,
        type: 3}
      propertyPath: m_RootOrder
      value: 2
      objectReference: {fileID: 0}
    - target: {fileID: 6307802309412303149, guid: fc8c1dd0f6ab622419bb17de50d9d384,
        type: 3}
      propertyPath: m_LocalEulerAnglesHint.x
      value: 0
      objectReference: {fileID: 0}
    - target: {fileID: 6307802309412303149, guid: fc8c1dd0f6ab622419bb17de50d9d384,
        type: 3}
      propertyPath: m_LocalEulerAnglesHint.y
      value: 0
      objectReference: {fileID: 0}
    - target: {fileID: 6307802309412303149, guid: fc8c1dd0f6ab622419bb17de50d9d384,
        type: 3}
      propertyPath: m_LocalEulerAnglesHint.z
      value: 0
      objectReference: {fileID: 0}
    m_RemovedComponents: []
  m_SourcePrefab: {fileID: 100100000, guid: fc8c1dd0f6ab622419bb17de50d9d384, type: 3}
--- !u!4 &7950637056000202756 stripped
Transform:
  m_CorrespondingSourceObject: {fileID: 6307802309412303149, guid: fc8c1dd0f6ab622419bb17de50d9d384,
    type: 3}
  m_PrefabInstance: {fileID: 4170199666582595881}
  m_PrefabAsset: {fileID: 0}
--- !u!1001 &4523973466718874830
PrefabInstance:
  m_ObjectHideFlags: 0
  serializedVersion: 2
  m_Modification:
    m_TransformParent: {fileID: 215324871129452355}
    m_Modifications:
    - target: {fileID: 6307802309412728077, guid: fc8c1dd0f6ab622419bb17de50d9d384,
        type: 3}
      propertyPath: m_Name
      value: grass low (1)
      objectReference: {fileID: 0}
    - target: {fileID: 6307802309412303149, guid: fc8c1dd0f6ab622419bb17de50d9d384,
        type: 3}
      propertyPath: m_LocalPosition.x
      value: -4.213452
      objectReference: {fileID: 0}
    - target: {fileID: 6307802309412303149, guid: fc8c1dd0f6ab622419bb17de50d9d384,
        type: 3}
      propertyPath: m_LocalPosition.y
      value: 0.6393539
      objectReference: {fileID: 0}
    - target: {fileID: 6307802309412303149, guid: fc8c1dd0f6ab622419bb17de50d9d384,
        type: 3}
      propertyPath: m_LocalPosition.z
      value: -1.9751363
      objectReference: {fileID: 0}
    - target: {fileID: 6307802309412303149, guid: fc8c1dd0f6ab622419bb17de50d9d384,
        type: 3}
      propertyPath: m_LocalRotation.x
      value: -0
      objectReference: {fileID: 0}
    - target: {fileID: 6307802309412303149, guid: fc8c1dd0f6ab622419bb17de50d9d384,
        type: 3}
      propertyPath: m_LocalRotation.y
      value: -0
      objectReference: {fileID: 0}
    - target: {fileID: 6307802309412303149, guid: fc8c1dd0f6ab622419bb17de50d9d384,
        type: 3}
      propertyPath: m_LocalRotation.z
      value: -0
      objectReference: {fileID: 0}
    - target: {fileID: 6307802309412303149, guid: fc8c1dd0f6ab622419bb17de50d9d384,
        type: 3}
      propertyPath: m_LocalRotation.w
      value: 1
      objectReference: {fileID: 0}
    - target: {fileID: 6307802309412303149, guid: fc8c1dd0f6ab622419bb17de50d9d384,
        type: 3}
      propertyPath: m_RootOrder
      value: 0
      objectReference: {fileID: 0}
    - target: {fileID: 6307802309412303149, guid: fc8c1dd0f6ab622419bb17de50d9d384,
        type: 3}
      propertyPath: m_LocalEulerAnglesHint.x
      value: 0
      objectReference: {fileID: 0}
    - target: {fileID: 6307802309412303149, guid: fc8c1dd0f6ab622419bb17de50d9d384,
        type: 3}
      propertyPath: m_LocalEulerAnglesHint.y
      value: 0
      objectReference: {fileID: 0}
    - target: {fileID: 6307802309412303149, guid: fc8c1dd0f6ab622419bb17de50d9d384,
        type: 3}
      propertyPath: m_LocalEulerAnglesHint.z
      value: 0
      objectReference: {fileID: 0}
    m_RemovedComponents: []
  m_SourcePrefab: {fileID: 100100000, guid: fc8c1dd0f6ab622419bb17de50d9d384, type: 3}
--- !u!4 &7584538005394333155 stripped
Transform:
  m_CorrespondingSourceObject: {fileID: 6307802309412303149, guid: fc8c1dd0f6ab622419bb17de50d9d384,
    type: 3}
  m_PrefabInstance: {fileID: 4523973466718874830}
  m_PrefabAsset: {fileID: 0}
--- !u!1001 &5727922700973054139
PrefabInstance:
  m_ObjectHideFlags: 0
  serializedVersion: 2
  m_Modification:
    m_TransformParent: {fileID: 215324871129452355}
    m_Modifications:
    - target: {fileID: 6307802309412728077, guid: fc8c1dd0f6ab622419bb17de50d9d384,
        type: 3}
      propertyPath: m_Name
      value: grass low (2)
      objectReference: {fileID: 0}
    - target: {fileID: 6307802309412303149, guid: fc8c1dd0f6ab622419bb17de50d9d384,
        type: 3}
      propertyPath: m_LocalPosition.x
      value: -3.2555587
      objectReference: {fileID: 0}
    - target: {fileID: 6307802309412303149, guid: fc8c1dd0f6ab622419bb17de50d9d384,
        type: 3}
      propertyPath: m_LocalPosition.y
      value: 0.6393539
      objectReference: {fileID: 0}
    - target: {fileID: 6307802309412303149, guid: fc8c1dd0f6ab622419bb17de50d9d384,
        type: 3}
      propertyPath: m_LocalPosition.z
      value: -2.1131363
      objectReference: {fileID: 0}
    - target: {fileID: 6307802309412303149, guid: fc8c1dd0f6ab622419bb17de50d9d384,
        type: 3}
      propertyPath: m_LocalRotation.x
      value: -0
      objectReference: {fileID: 0}
    - target: {fileID: 6307802309412303149, guid: fc8c1dd0f6ab622419bb17de50d9d384,
        type: 3}
      propertyPath: m_LocalRotation.y
      value: -0
      objectReference: {fileID: 0}
    - target: {fileID: 6307802309412303149, guid: fc8c1dd0f6ab622419bb17de50d9d384,
        type: 3}
      propertyPath: m_LocalRotation.z
      value: -0
      objectReference: {fileID: 0}
    - target: {fileID: 6307802309412303149, guid: fc8c1dd0f6ab622419bb17de50d9d384,
        type: 3}
      propertyPath: m_LocalRotation.w
      value: 1
      objectReference: {fileID: 0}
    - target: {fileID: 6307802309412303149, guid: fc8c1dd0f6ab622419bb17de50d9d384,
        type: 3}
      propertyPath: m_RootOrder
      value: 1
      objectReference: {fileID: 0}
    - target: {fileID: 6307802309412303149, guid: fc8c1dd0f6ab622419bb17de50d9d384,
        type: 3}
      propertyPath: m_LocalEulerAnglesHint.x
      value: 0
      objectReference: {fileID: 0}
    - target: {fileID: 6307802309412303149, guid: fc8c1dd0f6ab622419bb17de50d9d384,
        type: 3}
      propertyPath: m_LocalEulerAnglesHint.y
      value: 0
      objectReference: {fileID: 0}
    - target: {fileID: 6307802309412303149, guid: fc8c1dd0f6ab622419bb17de50d9d384,
        type: 3}
      propertyPath: m_LocalEulerAnglesHint.z
      value: 0
      objectReference: {fileID: 0}
    m_RemovedComponents: []
  m_SourcePrefab: {fileID: 100100000, guid: fc8c1dd0f6ab622419bb17de50d9d384, type: 3}
--- !u!4 &1798198073949530518 stripped
Transform:
  m_CorrespondingSourceObject: {fileID: 6307802309412303149, guid: fc8c1dd0f6ab622419bb17de50d9d384,
    type: 3}
  m_PrefabInstance: {fileID: 5727922700973054139}
  m_PrefabAsset: {fileID: 0}
